 Dungeon Crawl Stone Soup version 0.30-b1-2-g02819fbbbe (webtiles) character file.

Game seed: 4604158394889060597

341 Fartwhistle the Vexing (level 6, -5/47 HPs)
             Began as a Gnoll Hexslinger on Sept 8, 2023.
             Was a Believer of Kikubaaqudgha.
             Slain by a gnoll
             ... wielding a +0 flail
             ... led by a gnoll bouda
              (11 damage)
             ... on level 4 of the Dungeon.
             The game lasted 00:08:03 (2683 turns).

Fartwhistle the Vexing (Gnoll Hexslinger)           Turns: 2683, Time: 00:08:04

Health: -5/47      AC:  2    Str: 11    XL:     6   Next: 56%
Magic:  11/11      EV: 13    Int: 13    God:    Kikubaaqudgha [**....]
Gold:   216        SH:  0    Dex: 12    Spells: 8/12 levels left

rFire   . . .        a - +1 sling
rCold   . . .        (no shield)
rNeg    . . .        c - +0 robe
rPois   .            (no helmet)
rElec   .            (no cloak)
rCorr   .            (no gloves)
SInv    .            (no boots)
Will    .....        (no amulet)
Stlth   ++           (no ring)
HPRegen 0.27/turn    (no ring)
MPRegen 0.12/turn

%: no passive effects
@: no status effects
A: fangs 1, strong nose, distributed training
a: Renounce Religion, Unearth Wretches


You were on level 4 of the Dungeon.
You worshipped Kikubaaqudgha.
Kikubaaqudgha was pleased with you.
You visited 1 branch of the dungeon, and saw 4 of its levels.

You collected 216 gold pieces.

Inventory:

Hand Weapons
 a - a +1 sling (weapon)
Armour
 c - a +0 robe (worn)
 j - a +0 ring mail
Jewellery
 n - a ring of ice
 p - a ring of flight
Scrolls
 b - a scroll of poison
 d - 2 scrolls of fog {unknown}
 e - 3 scrolls of amnesia {unknown}
 h - a scroll of immolation {unknown}
 i - 2 scrolls of identify {unknown}
 l - a scroll of teleportation {unknown}
 q - a scroll of noise {unknown}
 s - 2 scrolls of enchant weapon {unknown}
Potions
 f - a potion of ambrosia {unknown}
 k - a potion of curing
 m - a potion of flight {unknown}
 o - a potion of mutation {unknown}
 r - a potion of berserk rage {unknown}
 t - a potion of degeneration {unknown}


   Skills:
 + Level 3.3 Fighting
 + Level 2.1 Short Blades
 + Level 2.1 Long Blades
 + Level 2.1 Axes
 + Level 2.1 Maces & Flails
 + Level 2.1 Polearms
 + Level 2.1 Staves
 + Level 5.0 Ranged Weapons
 + Level 2.1 Throwing
 + Level 2.1 Armour
 + Level 5.0 Dodging
 + Level 2.1 Stealth
 + Level 2.1 Shields
 + Level 2.1 Unarmed Combat
 + Level 3.5 Spellcasting
 + Level 1.6 Conjurations
 + Level 5.7 Hexes
 + Level 1.6 Summonings
 + Level 1.6 Necromancy
 + Level 1.6 Translocations
 + Level 1.6 Transmutations
 + Level 1.6 Fire Magic
 + Level 1.6 Ice Magic
 + Level 1.6 Air Magic
 + Level 1.6 Earth Magic
 + Level 1.6 Poison Magic
 + Level 2.3 Invocations
 + Level 2.1 Evocations


You had 8 spell levels left.
You knew the following spells:

 Your Spells              Type           Power      Damage    Failure   Level
a - Slow                  Hex            68%        N/A       1%          1
b - Necrotise             Necr           24%        1d5       11%         1
c - Cigotuvi's Dreadful   Necr/Pois/Air  12%        N/A       17%         2

Your spell library contained the following spells:

 Spells                   Type           Power      Damage    Failure   Level
 Tukima's Dance           Hex            17%        N/A       6%          3
 Inner Flame              Hex/Fire       11%        N/A       14%         3
 Portal Projectile        Hex/Tloc       22%        N/A       14%         3
 Cause Fear               Hex            8%         N/A       21%         4
 Vampiric Draining        Necr           6%         2d6       32%         3
 Animate Dead             Necr           6%         N/A       73%         4
 Blade Hands              Tmut           3%         N/A       97%         5


Dungeon Overview and Level Annotations

Branches:
Dungeon (4/15)
 Temple: D:4-7

Altars:
Cheibriados
Hepliaklqana
Kikubaaqudgha

Annotations:
D:4 3 runed translucent doors, Cris's ghost, amateur DsFE; Discosetron's ghost, amateur DjVM; NimIero's ghost, amateur DrFE; alexzegreat's ghost, amateur DEEE; diceflayer's ghost, amateur DsHu


Innate Abilities, Weirdness & Mutations

You have very sharp teeth.
Your uncanny sense of smell can sniff out nearby items.
Your experience applies equally to all skills.


Message History

Unknown command.
The gnoll attacks as you move away! The gnoll hits you with a +0 club.
The gnoll is no longer moving slowly.
The gnoll bouda mumbles some strange prayers to its god.
The gnoll bouda is healed somewhat.
The gnoll attacks as you move away! The gnoll closely misses you.
The gnoll hits you with a +0 club.
* * * LOW HITPOINT WARNING * * *
The gnoll attacks as you move away! The gnoll hits you with a +0 club.
* * * LOW HITPOINT WARNING * * *
Casting: Slow (safe; 1% risk of failure)
Confirm with . or Enter, or press ? or * to list all spells.
Aiming: Slow (safe; 1% risk of failure)
Press: ? - help, Shift-Dir - straight line, f/p - gnoll
Aim: a gnoll, wielding a +0 club (moderately wounded, covering ground quickly, chance to affect: 59%)
The gnoll resists with significant effort.
The gnoll hits you with a +0 club!
* * * LOW HITPOINT WARNING * * *
Okay, then.
A gnoll comes into view. It is wielding a +0 flail.
Your attacks no longer feel as feeble.
The gnoll bouda gazes fiercely through you!
You feel your attacks grow feeble.
The gnoll shouts!
The gnoll bouda barks out a call to the hunt!
The gnolls pick up the pace!
The gnoll bouda gazes fiercely through you!
You feel as though you will be weak longer.
The gnoll bouda calls upon its god to heal the gnoll.
The gnoll's wounds heal themselves!
The gnoll is no longer moving quickly.
The gnoll bouda barks out a call to the hunt!
The gnoll picks up the pace!
The gnoll barely misses you.
You see here a jackal corpse.
Your attacks no longer feel as feeble.
The gnoll misses you. The gnoll attacks as you move away!
The gnoll hits you with a +0 flail!
You die...
Kikubaaqudgha rasps: "You have failed me!
Welcome... death!"

...+...... #.#.#
...+.....8######.#.#
#..+.....$#........#
...#.....[######.###
#..#....8# #.#
####?8?$## #.# #####
#.# #†# #@# #g# #g#
#.# #.# #.# ####.# ∆
..#g# #.#.#


You could see a gnoll bouda and 2 gnolls.

Vanquished Creatures
  An ogre (D:4)
  An orc priest (D:3)
  Terence (D:2)
  6 gnolls
  5 adders
  3 worms
  3 dart slugs
  5 orcs
  7 bats
  2 endoplasms
  4 giant cockroaches
  5 goblins
  7 hobgoblins
  4 jackals
  2 quokkas
  8 ball pythons
  3 frilled lizards
  7 kobolds
  5 rats
79 creatures vanquished.

Notes
Turn   | Place    | Note
-------+----------+-------------------------------------------
     0 | D:1      | Fartwhistle the Gnoll Hexslinger began the quest for the
                  | Orb.
     0 | D:1      | Reached XP level 1. HP: 17/17 MP: 4/4
   116 | D:1      | Reached XP level 2. HP: 23/23 MP: 5/5
   456 | D:1      | Reached XP level 3. HP: 27/28 MP: 7/7
   742 | D:2      | Found a faded altar of an unknown god.
   753 | D:2      | Prayed at the altar of an unknown god.
   753 | D:2      | Became a worshipper of Kikubaaqudgha
   753 | D:2      | Reached * piety under Kikubaaqudgha
   753 | D:2      | Received a gift from Kikubaaqudgha
   908 | D:2      | Reached skill level 1 in Invocations
   997 | D:2      | You fall into a shaft and drop 2 floors!
  1004 | D:4      | Reached skill level 1 in Short Blades
  1004 | D:4      | Reached skill level 1 in Long Blades
  1004 | D:4      | Reached skill level 1 in Axes
  1004 | D:4      | Reached skill level 1 in Maces & Flails
  1004 | D:4      | Reached skill level 1 in Polearms
  1004 | D:4      | Reached skill level 1 in Staves
  1004 | D:4      | Reached skill level 1 in Throwing
  1004 | D:4      | Reached skill level 1 in Armour
  1004 | D:4      | Reached skill level 1 in Stealth
  1004 | D:4      | Reached skill level 1 in Shields
  1004 | D:4      | Reached skill level 1 in Unarmed Combat
  1004 | D:4      | Reached skill level 1 in Evocations
  1020 | D:4      | Found a hazy altar of Hepliaklqana.
  1084 | D:4      | Found a runed translucent gate.
  1087 | D:4      | Found a runed translucent gate.
  1087 | D:4      | Found a runed translucent gate.
  1121 | D:3      | Reached XP level 4. HP: 34/34 MP: 8/8
  1139 | D:3      | Reached skill level 1 in Conjurations
  1139 | D:3      | Reached skill level 1 in Summonings
  1139 | D:3      | Reached skill level 1 in Necromancy
  1139 | D:3      | Reached skill level 1 in Translocations
  1139 | D:3      | Reached skill level 1 in Transmutations
  1139 | D:3      | Reached skill level 1 in Fire Magic
  1139 | D:3      | Reached skill level 1 in Ice Magic
  1139 | D:3      | Reached skill level 1 in Air Magic
  1139 | D:3      | Reached skill level 1 in Earth Magic
  1139 | D:3      | Reached skill level 1 in Poison Magic
  1497 | D:3      | Reached XP level 5. HP: 37/40 MP: 9/9
  1515 | D:3      | Reached ** piety under Kikubaaqudgha
  1742 | D:2      | Learned a level 1 spell: Necrotise
  1745 | D:2      | Learned a level 2 spell: Cigotuvi's Dreadful Rot
  1782 | D:2      | Noticed Terence
  1807 | D:2      | Killed Terence
  2178 | D:3      | Reached XP level 6. HP: 47/47 MP: 9/11
  2267 | D:3      | Found a snail-covered altar of Cheibriados.
  2479 | D:4      | Noticed Discosetron's ghost (amateur DjVM)
  2479 | D:4      | Noticed NimIero's ghost (amateur DrFE)
  2479 | D:4      | Noticed diceflayer's ghost (amateur DsHu)
  2479 | D:4      | Noticed Cris's ghost (amateur DsFE)
  2479 | D:4      | Noticed alexzegreat's ghost (amateur DEEE)
  2517 | D:4      | Reached skill level 5 in Ranged Weapons
  2517 | D:4      | Reached skill level 5 in Dodging
  2668 | D:4      | HP: 2/47 [gnoll/+0 club[a gnoll bouda] (8)]
  2683 | D:4      | Slain by a gnoll

Illustrated notes

Levels and vault maps discovered:
D:1:      minmay_arrival_widening_spiral_wide, layout_basic
D:2:      layout_loops_cross, hellmonk_ecumenical_altar_pennies_from_heaven,
          uniq_terence
D:3:      layout_rooms, lemuel_tele_altar, nicolae_overflow_hidden_temple
D:4:      layout_loops_ring, mainiacjoe_overflow_catwalk,
          gammafunk_ghost_cemetery

Skill      XL: |  1  2  3  4  5  6 |
---------------+-------------------+-----
Invocations    | 1 2 |  2.3
Short Blades   | 1 2 |  2.1
Long Blades    | 1 2 |  2.1
Axes           | 1 2 |  2.1
Maces & Flails | 1 2 |  2.1
Polearms       | 1 2 |  2.1
Staves         | 1 2 |  2.1
Throwing       | 1 2 |  2.1
Armour         | 1 2 |  2.1
Stealth        | 1 2 |  2.1
Shields        | 1 2 |  2.1
Unarmed Combat | 1 2 |  2.1
Evocations     | 1 2 |  2.1
Spellcasting   | 3 |  3.5
Conjurations   | 1 |  1.6
Summonings     | 1 |  1.6
Necromancy     | 1 |  1.6
Translocations | 1 |  1.6
Transmutations | 1 |  1.6
Fire Magic     | 1 |  1.6
Ice Magic      | 1 |  1.6
Air Magic      | 1 |  1.6
Earth Magic    | 1 |  1.6
Poison Magic   | 1 |  1.6
Fighting       | 3 |  3.3
Ranged Weapons | 5 |  5.0
Dodging        | 5 |  5.0
Hexes          | |  5.7

Action                     |  1- 3 |  4- 6 || total
---------------------------+-------+-------++-------
   Fire: Sling             |   116 |   185 ||   301
  Throw: Javelin           |       |    11 ||    11
   Cast: Slow              |       |     8 ||     8
         Necrotise         |       |     2 ||     2
    Use: Potion            |       |     1 ||     1
 Armour: Robe              |    12 |    13 ||    25
  Dodge: Dodged            |    42 |    69 ||   111
